 Dungeon Sprint DCSS version 0.29-a0-459-g97dee8cd24 (webtiles) character file.

Game seed: 6864749482006925035

41092 mhtbhm the Shatterer (level 14, -3/150 HPs)
             Began as a Gargoyle Berserker on May 20, 2022.
             Was the Champion of Trog.
             Killed from afar by an orb of fire (35 damage)
             ... with a fireball
             ... in the Dungeon (Sprint VII: "The Pits").
             The game lasted 00:09:48 (4607 turns).

mhtbhm the Shatterer (Gargoyle Berserker)           Turns: 4607, Time: 00:09:49

Health: -3/150     AC: 31    Str: 24    XL:     14   Next: 13%
Magic:  14/14      EV: 13    Int: 10    God:    Trog [******]
Gold:   45         SH:  5    Dex: 15    Spells: 13/13 levels left

rFire   + . .      SeeInvis +   a - +8 dire flail of Classification {vorpal, Dex+6 SInv}
rCold   . . .      Faith    .   (shield currently unavailable)
rNeg    + . .      Spirit   .   b - +4 chain mail
rPois   ∞          Reflect  +   o - +0 helmet
rElec   +          Harm     .   (no cloak)
rCorr   .          Rampage  .   (no gloves)
Will    ++++.      Rage     1%  (no boots)
Stlth   .......... NoTele   +   B - amulet of reflection
HPRegen 1.35/turn               v - ring of willpower
MPRegen 0.14/turn               m - ring of protection from fire

@: berserking (expiring), strong-willed, flying, regenerating, unable to read,
very quick
A: sickness immunity, AC +10, big wings, negative energy resistance 1,
electricity resistance, torment resistance 1, petrification resistance, berserk
1, frail 1, inability to read while threatened
a: Renounce Religion, Berserk, Trog's Hand, Brothers in Arms


You were in the Dungeon.
You worshipped Trog.
Trog was exalted by your worship.
You visited 1 branch You collected 45 gold pieces.

Inventory:

Hand Weapons
 a - the +8 dire flail of Classification (weapon) {vorpal, Dex+6 SInv}
   (Trog gifted it to you in the Dungeon)

   It inflicts extra damage upon your enemies.
   Dex:       It affects your dexterity (+6).
   SInv:      It lets you see invisible.
 p - a +5 demon whip
 w - a +2 morningstar of protection
Missiles
 k - a curare-tipped dart (quivered)
 x - 4 poisoned darts
Armour
 b - a +4 chain mail (worn)
 o - a +0 helmet (worn)
Jewellery
 l - a +3 ring of dexterity
 m - a ring of protection from fire (right hand)
 r - a ring of fire
 v - a ring of willpower (left hand)
 z - a ring of resist corrosion
 B - an amulet of reflection (around neck)
 D - a ring of fire
Scrolls
 h - 2 scrolls of blinking
 j - a scroll of summoning
 q - 2 scrolls of identify
 s - a scroll of fear
 t - 4 scrolls of enchant armour
 u - 3 scrolls of fog
 C - a scroll of enchant weapon
Potions
 c - 16 potions of curing
 d - 4 potions of heal wounds
 e - 3 potions of haste
 f - 4 potions of magic
 g - 7 potions of berserk rage
 i - 2 potions of invisibility
 n - a potion of might
Miscellaneous
 y - a phial of floods
 A - a lightning rod (inert)


   Skills:
 + Level 22.8 Fighting
 + Level 22.9 Maces & Flails
 + Level 19.3 Armour
 + Level 9.1 Dodging
 + Level 4.6 Stealth
 + Level 2.4 Shields
 + Level 6.9 Evocations


You had 13 spell levels left.
You didn't know any spells.
Your spell library was empty.

Dungeon Overview and Level Annotations

Branches:
Dungeon (1/1)

Altars:
Cheibriados
Dithmenos
Elyvilon
Fedhas
Gozag
Hepliaklqana
Makhleb
Nemelex Xobeh
Okawaru
Qazlal
Ru
Sif Muna
Trog
Vehumet
Wu Jian
Xom
Yredelemnul
Zin
The Shining One
Beogh
Jiyva
Lugonu

Annotations:
D Dissolution


Innate Abilities, Weirdness & Mutations

You are immune to sickness and miasma.
Your stone body is resilient. (AC +10)
You are immune to poison.
Your large and strong wings let you fly.
You resist negative energy. (rN+)
You are resistant to electric shocks. (rElec)
You are resistant to unholy torment.
You are immune to petrification.
You tend to lose your temper in combat.
You are frail. (-10% HP)
You sometimes lose the ability to read scrolls when taking damage.


Message History

Unknown command.
You completely miss the orb of fire.
The orb of fire is heavily damaged.
The titan waves its arms in wide circles.
The air twists around and strikes you!
The floating eye gazes piercingly through you!
You suddenly lose the ability to move!
The orb of fire glows red.
The bolt of fire hits you!! You resist.
You feel threatened and lose the ability to read scrolls!
Dissolution gurgles deeply, a call to fellow slimes.
The orb of fire glows red.
The fireball explodes!
The fireball engulfs you! You resist.
The fireball engulfs the orb of fire.
The orb of fire completely resists.
Dissolution says, "Jiyva sees all!"
The floating eye seems to glare at you.
You can move again.
You hit the orb of fire.
The orb of fire is heavily damaged.
The orb of fire glows red.
The fireball explodes!
The fireball engulfs you! You resist.
The fireball engulfs the orb of fire.
The orb of fire completely resists.
You bludgeon the orb of fire!!
The orb of fire is severely damaged.
The orb of fire glows bright magenta.
The fireball explodes!
The fireball engulfs you!!! You resist.
* * * LOW HITPOINT WARNING * * *
The fireball engulfs the orb of fire.
The orb of fire completely resists.
Unknown command.
You miss the orb of fire.
The orb of fire is severely damaged.
The floating eye gazes piercingly through you!
You shrug off the repeated paralysis!
You barely miss the orb of fire.
The orb of fire is severely damaged.
You miss the orb of fire.
The orb of fire is severely damaged.
The orb of fire emits a lurid red light.
The fireball explodes!
The fireball engulfs you!! You resist.
You die... #+# ##G## JYu YCY

#L#
#*#
#@#
#'#
#.#
#'#
#.#
#'#
#.#
#'#
#.#


You could see Dissolution, an orb of fire, a titan, an ancient lich (fast,
invisible), 3 death yaks, a brown ugly thing and a floating eye (summoned).

Vanquished Creatures
  An orb of fire (D)
  A Killer Klown (D)
  A hellephant (D)
  An electric golem (D)
  A deep elf blademaster (D)
  A death cob (D)
  A storm dragon (D)
  An emperor scorpion (D)
  A ghost moth (D)
  A blizzard demon (D)
  An eidolon (D)
  A great orb of eyes (D)
  A boulder beetle (D)
  An ogre mage (D)
  A hydra (D)
  A merfolk avatar (D)
  A catoblepas (D)
  Erica (D)
  A two-headed ogre (D)
  2 death yaks (D)
  A vampire mage (D)
  3 skeletal warriors (D)
  A sun demon (D)
  A fire crab (D)
  A deep troll (D)
  2 sea snakes (D)
  A flayed ghost (D)
  A lindwurm (D)
  A phantasmal warrior (D)
  A bog body (D)
  An orc sorcerer (D)
  An orc knight (D)
  A wolf spider (D)
  2 deep elf pyromancers (D)
  An elephant (D)
  A manticore (D)
  3 molten gargoyles (D)
  2 unseen horrors (D)
  A demonic crawler (D)
  An efreet (D)
  A red devil (D)
  A tyrant leech (D)
  A snapping turtle (D)
  A tarantella (D)
  A spriggan (D)
  A wyvern (D)
  A basilisk (D)
  2 vampire mosquitoes (D)
  A chaos spawn (D)
  3 redbacks (D)
  A floating eye (D)
  2 ogres (D)
  2 centaurs (D)
  A kobold brigand (D)
  A scorpion (D)
  A bullfrog (D)
  2 necrophages (D)
  2 orc priests (D)
  2 gnoll shamans (D)
  Terence (D)
  2 orc wizards (D)
  A hell rat (D)
  6 gnolls (D)
  2 river rats (D)
  A white imp (D)
  An ufetubus (D)
  10 orcs (D)
  A bat skeleton (D)
  A bat zombie (D)
  An endoplasm (D)
  3 hobgoblins (D)
  3 kobolds (D)
  2 ball pythons (D)
  A ball python simulacrum (D)
  A ball python zombie (D)
  A bat (D)
  A bat simulacrum (D)
  A jackal simulacrum (D)
  A quokka skeleton (D)
  A quokka zombie (D)
117 creatures vanquished.

Vanquished Creatures (collateral kills)
  A bone dragon (D)
  2 purple draconians (D)
  An ice dragon (D)
  A two-headed ogre (D)
  A hydra (D)
  A naga warrior (D)
  A molten gargoyle (D)
  An eye of devastation (D)
  A wandering mushroom (D)
  A hornet (D)
  3 vampire mosquitoes (D)
  2 ogres (D)
16 creatures vanquished.

Vanquished Creatures (others)
  A vampire mosquito (D)
  A gnoll (D)
2 creatures vanquished.

Grand Total: 135 creatures vanquished

Notes
Turn   | Place    | Note
-------+----------+-------------------------------------------
     0 | D        | mhtbhm the Gargoyle Berserker began the quest for the Orb.
     0 | D        | Reached XP level 1. HP: 14/14 MP: 1/1
   129 | D        | Found a bloodstained altar of Trog.
   129 | D        | Found a shimmering blue altar of Sif Muna.
   129 | D        | Found a viscous altar of Jiyva.
   129 | D        | Found a hazy altar of Hepliaklqana.
   129 | D        | Found an opulent altar of Gozag.
   130 | D        | Found a glowing golden altar of the Shining One.
   130 | D        | Found a glowing silver altar of Zin.
   130 | D        | Found a basalt altar of Yredelemnul.
   130 | D        | Found a shimmering altar of Xom.
   130 | D        | Found an ornate altar of the Wu Jian Council.
   130 | D        | Found a sacrificial altar of Ru.
   130 | D        | Found a stormy altar of Qazlal.
   130 | D        | Found an iron altar of Okawaru.
   130 | D        | Found a sparkling altar of Nemelex Xobeh.
   130 | D        | Found a burning altar of Makhleb.
   130 | D        | Found a blossoming altar of Fedhas.
   130 | D        | Found a white marble altar of Elyvilon.
   130 | D        | Found a shadowy altar of Dithmenos.
   130 | D        | Found a snail-covered altar of Cheibriados.
   132 | D        | Found a radiant altar of Vehumet.
   132 | D        | Found a corrupted altar of Lugonu.
   175 | D        | Noticed a floating eye
   176 | D        | Reached ** piety under Trog
   177 | D        | Paralysed by a floating eye for 4 turns
   183 | D        | Killed a floating eye
   184 | D        | Reached skill level 1 in Stealth
   184 | D        | Reached XP level 2. HP: 23/23 MP: 2/2
   184 | D        | Reached XP level 3. HP: 28/28 MP: 3/3
   184 | D        | Reached XP level 4. HP: 32/32 MP: 4/4
   300 | D        | Reached *** piety under Trog
   400 | D        | Reached XP level 5. HP: 36/37 MP: 5/5
   458 | D        | Noticed Terence
   466 | D        | Killed Terence
   466 | D        | Reached **** piety under Trog
   477 | D        | Reached ***** piety under Trog
   533 | D        | Noticed a centaur
   538 | D        | Killed a centaur
   539 | D        | Reached XP level 6. HP: 37/45 MP: 6/6
   592 | D        | Noticed a tarantella
   599 | D        | Killed a tarantella
   600 | D        | Reached skill level 10 in Maces & Flails
   600 | D        | Reached XP level 7. HP: 32/51 MP: 7/7
   725 | D        | Reached skill level 5 in Armour
   725 | D        | Reached ****** piety under Trog
   725 | D        | Received a gift from Trog
   726 | D        | Noticed a redback
   726 | D        | Noticed a red devil
   732 | D        | Killed a redback
   733 | D        | Reached skill level 10 in Fighting
   737 | D        | Killed a red devil
   738 | D        | Reached XP level 8. HP: 55/59 MP: 8/8
  1067 | D        | Noticed a deep elf pyromancer
  1067 | D        | Noticed a sea snake
  1081 | D        | Killed a sea snake
  1082 | D        | Reached skill level 5 in Dodging
  1086 | D        | Killed a deep elf pyromancer
  1087 | D        | Reached XP level 9. HP: 23/65 MP: 9/9
  1340 | D        | Noticed a phantasmal warrior
  1349 | D        | Killed a phantasmal warrior
  1350 | D        | Reached skill level 15 in Maces & Flails
  1350 | D        | Received a gift from Trog
  1354 | D        | Killed an unseen horror
  1411 | D        | Noticed a boulder beetle
  1430 | D        | Killed a boulder beetle
  1529 | D        | Noticed a vampire mage
  1545 | D        | Killed a vampire mage
  1546 | D        | Reached XP level 10. HP: 73/73 MP: 10/10
  1619 | D        | Noticed a molten gargoyle
  1619 | D        | Noticed a skeletal warrior
  1619 | D        | Noticed a skeletal warrior
  1619 | D        | Noticed a skeletal warrior
  1619 | D        | Noticed a death yak
  1627 | D        | Killed a molten gargoyle
  1628 | D        | Reached skill level 10 in Armour
  1640 | D        | Killed a skeletal warrior
  1646 | D        | Killed a death yak
  1646 | D        | Received a gift from Trog
  1655 | D        | Killed a skeletal warrior
  1665 | D        | Killed a skeletal warrior
  1666 | D        | Reached skill level 15 in Fighting
  1869 | D        | Noticed a merfolk avatar
  1886 | D        | Killed a merfolk avatar
  1886 | D        | Received a gift from Trog
  1887 | D        | Reached XP level 11. HP: 73/82 MP: 11/11
  1931 | D        | Noticed a lindwurm
  1947 | D        | Killed a lindwurm
  1952 | D        | Identified the +8 dire flail of Classification {vorpal,
                  | Dex+6 SInv} (Trog gifted it to you in the Dungeon)
  1952 | D        | Received a gift from Trog
  1995 | D        | Noticed an orc sorcerer
  1998 | D        | Killed an orc sorcerer
  1998 | D        | Received a gift from Trog
  2002 | D        | Noticed a deep troll
  2003 | D        | Noticed an orc knight
  2008 | D        | Killed a deep troll
  2015 | D        | Killed an orc knight
  2025 | D        | Received a gift from Trog
  2161 | D        | Noticed a catoblepas
  2161 | D        | Noticed a manticore
  2168 | D        | Killed a catoblepas
  2177 | D        | Killed a manticore
  2185 | D        | Noticed an emperor scorpion
  2196 | D        | Killed an emperor scorpion
  2437 | D        | Noticed a bog body
  2437 | D        | Noticed a flayed ghost
  2441 | D        | Killed a bog body
  2441 | D        | Received a gift from Trog
  2442 | D        | Reached XP level 12. HP: 91/92 MP: 12/12
  2529 | D        | Noticed a two-headed ogre
  2529 | D        | Noticed a great orb of eyes
  2551 | D        | Killed a two-headed ogre
  2551 | D        | Received a gift from Trog
  2568 | D        | Killed a great orb of eyes
  2572 | D        | Noticed a four-headed hydra
  2579 | D        | Killed a four-headed hydra
  2579 | D        | Received a gift from Trog
  2901 | D        | Noticed a ghost moth
  2901 | D        | Noticed a storm dragon
  2901 | D        | Noticed a bone dragon
  2901 | D        | Noticed a purple draconian
  2901 | D        | Noticed an eight-headed hydra
  2904 | D        | Killed a ghost moth
  2917 | D        | Killed a storm dragon
  2918 | D        | Reached skill level 15 in Armour
  2937 | D        | Killed an eight-headed hydra
  2938 | D        | Killed a bone dragon
  2943 | D        | Killed a purple draconian
  3143 | D        | Noticed a sun demon
  3143 | D        | Noticed a hellephant
  3143 | D        | Noticed Erica
  3144 | D        | Noticed an eidolon
  3145 | D        | Received a gift from Trog
  3147 | D        | Killed an eidolon
  3147 | D        | Killed Erica
  3148 | D        | Reached XP level 13. HP: 101/101 MP: 13/13
  3151 | D        | Identified the +7 scythe of Immorality {flame, Dex+2}
  3152 | D        | Received a gift from Trog
  3155 | D        | Reached skill level 1 in Evocations
  3155 | D        | Noticed a purple draconian
  3156 | D        | Killed a hellephant
  3157 | D        | Noticed a death cob
  3160 | D        | Identified the +4 dagger of Tenacity {vorpal, +Blink rPois
                  | rF- SInv} (Trog gifted it to you in the Dungeon)
  3160 | D        | Received a gift from Trog
  3163 | D        | Noticed an ice dragon
  3164 | D        | Killed a purple draconian
  3165 | D        | Killed a death cob
  3178 | D        | Killed an ice dragon
  3178 | D        | Received a gift from Trog
  3205 | D        | Identified the +8 great sword of Valiance {pain, rElec rF+
                  | Str+5 Stlth-}
  3690 | D        | Noticed an electric golem
  3702 | D        | Killed an electric golem
  3702 | D        | Received a gift from Trog
  3703 | D        | Reached skill level 5 in Evocations
  3811 | D        | Noticed a deep elf blademaster
  3823 | D        | Killed a deep elf blademaster
  3824 | D        | Reached skill level 1 in Shields
  3963 | D        | Noticed a Killer Klown
  3980 | D        | Killed a Killer Klown
  4158 | D        | Noticed a blizzard demon
  4163 | D        | Killed a blizzard demon
  4164 | D        | Gained mutation: Your large and strong wings let you fly.
                  | [Gargoyle growth]
  4164 | D        | Reached XP level 14. HP: 112/112 MP: 14/14
  4368 | D        | Noticed an orb of fire
  4388 | D        | Killed an orb of fire
  4581 | D        | Noticed Dissolution
  4581 | D        | Noticed an ancient lich
  4581 | D        | Noticed an orb of fire
  4581 | D        | Noticed a titan
  4592 | D        | Gained mutation: You are frail. (-10% HP) [an orb of fire]
  4595 | D        | Gained mutation: You tend to lose your temper in combat.
                  | [an orb of fire]
  4597 | D        | Gained mutation: You sometimes lose the ability to read
                  | scrolls when taking damage. [an orb of fire]
  4600 | D        | Paralysed by a floating eye for 2 turns
  4607 | D        | Killed from afar by an orb of fire

Illustrated notes

Levels and vault maps discovered:
D:        pitsprint [storerooms_1, entrance_room_1, metal_vault_1, armoury_3,
          mini_pit_1, grid_room_1, main_hall_1, silver_pit, the_coven_1,
          the_vestibule_1, steel_vault_1, golden_pit, hallway_of_sentries,
          crystal_vault_2, iron_vault_3, final_vault]

Skill      XL: |  1  2  3  4  5  6  7  8  9 10 11 12 13 14 |
---------------+-------------------------------------------+-----
Fighting       | 6 8 9 10 11 13 15 17 20 22 | 22.8
Maces & Flails | 6 7 9 10 12 14 16 17 19 21 22 | 22.9
Armour         | 3 4 5 7 9 12 13 16 19 | 19.3
Dodging        | 2 3 4 5 6 7 8 9 |  9.1
Stealth        | 1 2 3 4 |  4.6
Evocations     | 6 |  6.9
Shields        | 1 2 |  2.4

Action                   |  1- 3 |  4- 6 |  7- 9 | 10-12 | 13-15 || total
-------------------------+-------+-------+-------+-------+-------++-------
Melee: Mace              |     9 |    45 |    27 |       |       ||    81
       Punch             |       |       |     2 |       |       ||     2
       Dire flail        |       |       |    50 |   204 |    87 ||   341
       Great mace        |       |       |       |    41 |       ||    41
Invok: Berserk           |       |     1 |     4 |     4 |     3 ||    12
       Brothers in Arms  |       |       |       |     3 |     1 ||     4
       Trog's Hand       |       |       |       |     1 |     2 ||     3
Evoke: Lightning rod     |       |       |       |     4 |    16 ||    20
  Use: Potion            |       |       |       |     3 |     3 ||     6
       Scroll            |       |       |       |     1 |       ||     1
 Stab: Sleeping          |     1 |       |       |       |       ||     1
Armor: Animal skin       |     1 |     3 |       |       |       ||     4
       Ring mail         |       |    18 |    10 |       |       ||    28
       Chain mail        |       |       |    39 |   136 |    47 ||   222
Dodge: Dodged            |     3 |    19 |    17 |   134 |    34 ||   207
Block: Other             |       |       |       |       |     9 ||     9

Table legend: (Time is in decaauts)
 A = Elapsed time spent in this place.
 B = Non-inter-level travel time spent in this place.
 C = Inter-level travel time spent in this place.
 D = Time resting spent in this place.
 E = Time spent auto-exploring this place.
 F = Levels seen in this place.
 G = Mean time per level.
                   A        B        C        D        E       F      G
               +--------+--------+--------+--------+--------+-----+--------+
         Total |   4549 |   4549 |      0 |   3068 |     32 |   1 | 4549.0 |
       Dungeon |   4549 |   4549 |      0 |   3068 |     32 |   1 | 4549.0 |
               +--------+--------+--------+--------+--------+-----+--------+

Top non-repeatable levels by time:
       D: 4549 daAuts
